 Dungeon Crawl Stone Soup version 0.29.1-15-g9cfb28693d (webtiles) character file.

Game seed: 16701646407184893289

13825 M4edhros the Spry (level 12, -27/81 HPs)
             Began as an Octopode Chaos Knight on Mar 1, 2023.
             Was a Plaything of Xom.
             Annihilated by a skeletal warrior
             ... wielding a +0 battleaxe
              (31 damage)
             ... on level 12 of the Dungeon.
             The game lasted 00:19:31 (40428 turns).

M4edhros the Spry (Octopode Chaos Knight)          Turns: 40428, Time: 00:19:33

Health: -27/81     AC:  4    Str:  9 (10) XL:     12   Next: 10%
Magic:  12/12      EV: 24    Int: 14      God:    Xom [....*.]
Gold:   1505       SH:  0    Dex: 14 (16) Spells: 11/11 levels left

rFire   + . .      SeeInvis .   k - +3 great sword (holy)
rCold   + . .      Faith    .   (shield currently unavailable)
rNeg    . . .      Spirit   .   (helmet restricted)
rPois   +          Reflect  .   d - amulet of the acrobat
rElec   .          Harm     .   c - ring of protection from cold
rCorr   .          Rampage  .   f - +4 ring of evasion
Will    .....                   (no ring)
Stlth   ++++......              (no ring)
HPRegen 0.23/turn               (no ring)
MPRegen 0.13/turn               (no ring)
                                (no ring)
                                (no ring)

@: studying 2 skills, invisible, unable to read
A: almost no armour, amphibious, 8 rings, camouflage 1, gelatinous body 1,
(nimble swimmer 1), tentacles, tentacle spike 1, iridescent scales 1,
deterioration 2, fire resistance 1, frail 1, mutation resistance 1, poison
resistance, screaming 1, shaggy fur 1, weak 1, inability to read after injury 1,
MP-powered wands
a: Renounce Religion


You were on level 12 of the Dungeon.
You worshipped Xom.
You were a beloved toy of Xom.
You visited 2 branches of the dungeon, and saw 13 of its levels.
You also visited: Bailey.

You collected 1505 gold pieces.

Inventory:

Hand Weapons
 g - a +0 great sword
 k - a +3 great sword of holy wrath (weapon)
Jewellery
 c - a ring of protection from cold (left tentacle)
 d - an amulet of the acrobat (around mantle)
 f - a +4 ring of evasion (right tentacle)
Wands
 j - a wand of charming (6)
 t - a wand of flame (36)
 C - a wand of mindburst (10)
 F - a wand of iceblast (6)
 K - a wand of polymorph (1)
Scrolls
 a - a scroll of fear
 m - 2 scrolls of silence
 n - a scroll of blinking
 p - 2 scrolls of magic mapping
 r - 4 scrolls of enchant armour
 u - a scroll of summoning
 v - 3 scrolls of immolation
 y - a scroll of enchant weapon
 E - a scroll of butterflies
 G - a scroll of teleportation
 I - 4 scrolls of identify
Potions
 i - a potion of magic {unknown}
 l - 4 potions of attraction {unknown}
 o - 2 potions of mutation {unknown}
 q - 6 potions of might {unknown}
 s - 4 potions of brilliance
 w - 3 potions of lignification {unknown}
 x - 3 potions of flight {unknown}
 z - 2 potions of haste {unknown}
 A - a potion of experience {unknown}
 B - 3 potions of degeneration {unknown}
 D - a potion of resistance {unknown}
 H - 2 potions of berserk rage
 J - a potion of curing
Miscellaneous
 b - a piece from Xom's chessboard (13/15) (quivered)
 h - a phial of floods


   Skills:
 + Level 11.1 Fighting
 + Level 12.9 Long Blades
 - Level 15.1 Dodging
 * Level 5.4 Stealth


You had 11 spell levels left.
You didn't know any spells.
Your spell library contained the following spells:

 Spells                   Type           Power      Damage    Failure   Level
 Beastly Appendage        Tmut           0%         N/A       28%         1
 Necrotise                Necr           0%         1d4       28%         1
 Shock                    Conj/Air       0%         1d3       28%         1
 Static Discharge         Conj/Air       0%         3-3/arc   41%         2
 Wereblood                Tmut           0%         N/A       41%         2
 Conjure Flame            Conj/Fire      0%         6-21      65%         3
 Dazzling Flash           Conj/Hex       0%         N/A       65%         3
 Ignite Poison            Fire/Tmut/Pois 0%         N/A       65%         3
 Ozocubu's Armour         Ice            0%         N/A       65%         3
 Spider Form              Tmut/Pois      0%         N/A       65%         3
 Swiftness                Air            0%         N/A       65%         3
 Vampiric Draining        Necr           0%         2d6       65%         3
 Airstrike                Air            0%         2d(0-16)  96%         4
 Corpse Rot               Necr/Pois/Air  0%         N/A       96%         4
 Dispel Undead            Necr           0%         3d6       96%         4
 Iskenderun's Mystic Bla  Conj/Tloc      0%         2d3       96%         4
 Sticky Flame             Conj/Fire      0%         2d3       96%         4
 Agony                    Necr           0%         N/A       100%        5
 Alistair's Intoxication  Tmut/Pois      0%         N/A       100%        5
 Borgnjor's Vile Clutch   Necr/Erth      0%         N/A       100%        5
 Summon Forest            Summ/Tloc      0%         N/A       100%        5
 Summon Mana Viper        Hex/Summ       0%         N/A       100%        5
 Death Channel            Necr           0%         N/A       100%        6
 Eringya's Noxious Bog    Tmut/Pois      0%         N/A       100%        6
 Starburst                Conj/Fire      0%         6d3       100%        6
 Summon Cactus Giant      Summ           0%         N/A       100%        6
 Malign Gateway           Summ/Tloc      0%         N/A       100%        7
 Ozocubu's Refrigeration  Ice            0%         4d7       100%        7
 Summon Horrible Things   Summ           0%         N/A       100%        8


Dungeon Overview and Level Annotations

Branches:
Dungeon (12/15)            Temple (1/1) D:4            Lair (0/5) D:9
    Orc (0/2) D:11         Bailey (visited)

Altars:
Ashenzari
Elyvilon
Hepliaklqana
Nemelex Xobeh
Qazlal
Ru
Sif Muna
Trog
Wu Jian
Xom
Zin
The Shining One

Shops:
D:2 :

Annotations:
D:9 3 runed translucent doors, Yordlord's ghost, journeyman DrCA; laros's ghost, novice MiBe; u553311's ghost, novice OgGl


Innate Abilities, Weirdness & Mutations

You cannot wear most types of armour.
You are amphibious.
You can wear up to eight rings at the same time.
Your skin changes colour to match your surroundings (Stealth+).
Your rubbery body absorbs attacks. (AC +1, EV +1)
((You are camouflaged when in or above water. (Stealth+)))
You have tentacles for arms and can constrict up to eight enemies at once.
One of your tentacles bears a spike.
You are partially covered in iridescent scales. (AC +2)
Your body often deteriorates upon taking damage.
Your flesh is heat resistant. (rF+)
You are frail. (-10% HP)
You are somewhat resistant to further mutation.
Your system is resistant to poisons. (rPois)
You occasionally shout uncontrollably at your foes.
You are covered in fur. (AC +1)
You are weak. (Str -2)
You occasionally lose the ability to read scrolls when taking damage.
You expend magic power (3 MP) to strengthen your wands.


Message History

No target in view!
There is a stone staircase leading up here.
Found a stone staircase leading down. 3 skeletal warriors come into view.
The skeletal warrior moves out of view.
There are monsters nearby!
There are monsters nearby!
There are monsters nearby!
You yell at the skeletal warrior!
A skeletal warrior comes into view. It is wielding a +0 mace.
You barely miss the skeletal warrior. Your grab misses the skeletal warrior.
Your tentacle spike misses the skeletal warrior.
The skeletal warrior barely misses you.
The skeletal warrior hits you with a +0 short sword!!
Your body deteriorates!
You feel clumsy.
You hit the skeletal warrior but do no damage.
Your grab misses the skeletal warrior.
Your tentacle spike misses the skeletal warrior.
You squeeze the skeletal warrior.
The skeletal warrior is lightly damaged.
The skeletal warrior hits you with a +0 short sword!
The skeletal warrior completely misses you.
The skeletal warrior hits you with a +0 battleaxe!!
You feel threatened and lose the ability to read scrolls!
You cannot read scrolls in your current state!
Okay, then.
Okay, then.
Okay, then.
You cannot read scrolls in your current state!
Unknown command.
Unknown command.
Okay, then.
Unknown command.
You fade into invisibility!
The skeletal warrior hits you from afar with a +0 halberd!!
* * * LOW HITPOINT WARNING * * *
The skeletal warrior misses you.
The skeletal warrior hits you with a +0 battleaxe!!
You die...
Xom chuckles heartily!

#.### #... #...
#... #..# #.z# #zz#
#z@#
#..################
#.................>
#..########...#####
#..# #...# #..#
#...# #..# #...#
#..# #####...#####
#... .............


You could see 4 skeletal warriors.

Vanquished Creatures
  A catoblepas (D:12)
  A two-headed ogre (D:11)
  An orc high priest (Bailey)
  An orc sorcerer (Bailey)
  A cyclops (D:11)
  A kobold demonologist (D:10)
  2 trolls (D:11)
  2 shadows
  A wyvern (D:7)
  19 yaks
  2 wraiths
  3 vampire mosquitoes (D:12)
  4 water moccasins
  14 orc warriors
  3 ice beasts
  A black bear (D:5)
  2 sky beasts
  A wolf (D:10)
  6 centaurs
  4 ogres
  4 phantoms
  3 kobold brigands
  7 bullfrogs
  2 necrophages
  A scorpion (D:5)
  15 wights
  11 killer bees
  7 electric eels (Bailey)
  2 howler monkeys
  A centaur zombie (D:5)
  3 jellies
  Crazy Yiuf (D:4)
  3 orc priests
  2 iguanas
  An iguana (shapeshifter) (D:8)
  8 orc wizards
  9 gnolls
  8 adders
  4 shadow imps
  A white imp (D:6)
  2 ufetubi (D:5)
  An adder skeleton (D:5)
  2 dart slugs
  A worm (D:2)
  33 orcs
  5 bats
  5 endoplasms
  6 giant cockroaches
  10 goblins
  10 hobgoblins
  2 quokkas
  7 ball pythons
  5 frilled lizards
  20 kobolds
  8 rats
280 creatures vanquished.

Vanquished Creatures (collateral kills)
  An orc warrior (Bailey)
1 creature vanquished.

Vanquished Creatures (others)
  A withered plant (D:9)
1 creature vanquished.

Grand Total: 282 creatures vanquished

Notes
Turn   | Place    | Note
-------+----------+-------------------------------------------
     0 | D:1      | M4edhros the Octopode Chaos Knight began the quest for the
                  | Orb.
     0 | D:1      | Reached XP level 1. HP: 16/16 MP: 1/1
    45 | D:1      | XOM: potion effect (brilliance)
    48 | D:1      | XOM: silly message
    49 | D:1      | XOM: smoke on damage
   227 | D:1      | XOM: silly message
   245 | D:1      | Reached XP level 2. HP: 20/21 MP: 2/2
   578 | D:1      | Found a faded altar of an unknown god.
   759 | D:1      | Reached XP level 3. HP: 22/26 MP: 3/3
  1021 | D:1      | XOM: noise
  1277 | D:1      | XOM is BORED!
  1277 | D:1      | XOM: noise
  1475 | D:1      | XOM: noise
  1905 | D:1      | XOM: god gift: runed falchion {god gift}
  1984 | D:1      | XOM: give mutations
  1984 | D:1      | Gained mutation: Your spells are a little harder to cast,
                  | but a little more powerful. [Xom's grace]
  1984 | D:1      | Gained mutation: Your system is resistant to poisons.
                  | (rPois) [Xom's grace]
  1984 | D:1      | Gained mutation: You have hidden genetic potential. [Xom's
                  | grace]
  2127 | D:1      | XOM: divination: detect creatures
  2172 | D:1      | XOM: god gift: scroll labelled YFAYCI TAECK {god gift}
  2716 | D:1      | XOM is BORED!
  2716 | D:1      | XOM: give mutation
  2716 | D:1      | Gained mutation: You occasionally shout uncontrollably at
                  | your foes. [Xom's mischief]
  3000 | D:1      | XOM: give mutations
  3000 | D:1      | Gained mutation: Your mind is acute. (Int +4, Str/Dex -1)
                  | [Xom's grace]
  3000 | D:1      | Gained mutation: Your mind is very acute. (Int +8, Str/Dex
                  | -2) [Xom's grace]
  3000 | D:1      | Gained mutation: Your flesh is heat resistant. (rF+) [Xom's
                  | grace]
  3330 | D:1      | XOM: give mutation
  3330 | D:1      | Gained mutation: You do not regenerate when monsters are
                  | visible. [Xom's mischief]
  4013 | D:1      | XOM is BORED!
  4013 | D:1      | XOM: summons 2 hostile demons
  5050 | D:1      | XOM: scenery: summon butterflies
  5311 | D:1      | XOM: god gift: scroll labelled MOORAUNNOEJ {god gift}
  5751 | D:1      | XOM: god gift: 54 gold pieces
  5837 | D:1      | XOM: god gift: phial of floods
  6004 | D:1      | XOM: god gift: runed gold wand {god gift}
  6471 | D:1      | XOM: silly message
  8164 | D:1      | XOM: give mutations
  8164 | D:1      | Lost mutation: Your mind is very acute. (Int +8, Str/Dex
                  | -2) [Xom's mischief]
  8164 | D:1      | Lost mutation: Your spells are a little harder to cast, but
                  | a little more powerful. [Xom's mischief]
  8164 | D:1      | Gained mutation: Your mind is very acute. (Int +8, Str/Dex
                  | -2) [Xom's mischief]
  8437 | D:1      | XOM: stat loss: -1 Dex (10/11)
  8698 | D:1      | XOM is BORED!
  8789 | D:1      | XOM: give mutations
  8789 | D:1      | Gained mutation: You are agile. (Dex +4, Str/Int -1) [Xom's
                  | mischief]
  8789 | D:1      | Lost mutation: You do not regenerate when monsters are
                  | visible. [Xom's mischief]
  8789 | D:1      | Gained mutation: You are frail. (-10% HP) [Xom's mischief]
  9117 | D:1      | XOM: summons 3 hostile shadow creatures
  9309 | D:1      | XOM: give mutations
  9309 | D:1      | Lost mutation: Your flesh is heat resistant. (rF+) [Xom's
                  | mischief]
  9309 | D:1      | Gained mutation: Your body sometimes deteriorates upon
                  | taking damage. [Xom's mischief]
  9628 | D:1      | XOM: give mutation
  9628 | D:1      | Gained mutation: You expend magic power (3 MP) to
                  | strengthen your wands. [Xom's grace]
  9918 | D:1      | XOM: give mutations
  9918 | D:1      | Gained mutation: You passively dampen the noise of your
                  | surroundings. [Xom's mischief]
  9918 | D:1      | Lost mutation: You occasionally shout uncontrollably at
                  | your foes. [Xom's mischief]
 10249 | D:1      | XOM: give mutations
 10249 | D:1      | Lost mutation: Your mind is very acute. (Int +8, Str/Dex
                  | -2) [Xom's mischief]
 10249 | D:1      | Gained mutation: You are covered in fur. (AC +1) [Xom's
                  | mischief]
 10289 | D:1      | XOM: torment (13/23 hp)
 10865 | D:1      | XOM: give mutation
 10865 | D:1      | Gained mutation: You are very frail. (-20% HP) [Xom's
                  | mischief]
 10989 | D:1      | XOM: give mutation
 10989 | D:1      | Lost mutation: Your mind is acute. (Int +4, Str/Dex -1)
                  | [Xom's mischief]
 10994 | D:1      | Glimpsed the power of Zot.
 11124 | D:2      | XOM: god gift: +1 great sword of holy wrath
 11280 | D:2      | Found a broken altar of Ashenzari.
 11451 | D:2      | Reached skill level 3 in Dodging
 11489 | D:2      | Glimpsed the power of Zot.
 11711 | D:2      | Reached XP level 4. HP: 24/24 MP: 4/4
 11713 | D:2      | Gained mutation: You have a pair of small antennae on your
                  | head. [hidden potential]
 11883 | D:2      | Glimpsed the power of Zot.
 11938 | D:3      | XOM: summons 3 hostile demons
 12078 | D:2      | Found Kuf File's Book Shop.
 12220 | D:3      | XOM: 1-stop teleportation journey
 12353 | D:3      | XOM: noise
 12505 | D:3      | You fall into a shaft and drop 1 floor!
 12505 | D:4      | Found a staircase to the Ecumenical Temple.
 12552 | D:4      | Found a sparkling altar of Nemelex Xobeh.
 12625 | D:4      | XOM: 1-stop teleportation journey
 12643 | D:4      | Found a glowing silver altar of Zin.
 12644 | D:4      | Found a glowing golden altar of the Shining One.
 12688 | D:4      | Noticed an ogre
 12692 | D:4      | Killed an ogre
 12693 | D:4      | Reached skill level 4 in Dodging
 12693 | D:4      | Reached XP level 5. HP: 29/29 MP: 5/5
 12702 | D:4      | Noticed a sky beast
 12702 | D:4      | a worm changed into a sky beast
 12702 | D:4      | XOM: polymorph worm -> sky beast
 12708 | D:4      | Killed a sky beast
 12709 | D:4      | Reached skill level 5 in Long Blades
 12709 | D:4      | Reached skill level 5 in Dodging
 12709 | D:4      | Reached XP level 6. HP: 4/34 MP: 0/6
 12716 | D:4      | Gained mutation: Your flesh is heat resistant. (rF+)
                  | [hidden potential]
 12716 | D:4      | Lost mutation: You have hidden genetic potential. [hidden
                  | potential expressed]
 12869 | D:3      | XOM: scenery: 1 doors open, 1 doors close
 12993 | D:3      | XOM: 9-stop teleportation journey
 13272 | D:3      | XOM: give mutations
 13272 | D:3      | Lost mutation: You are very frail. (-20% HP) [Xom's
                  | mischief]
 13272 | D:3      | Lost mutation: Your flesh is heat resistant. (rF+) [Xom's
                  | mischief]
 13401 | D:4      | Found a sacrificial altar of Ru.
 13445 | D:4      | Found a runed translucent door.
 13446 | D:4      | Noticed Crazy Yiuf
 13511 | D:4      | Noticed a water moccasin
 13517 | D:4      | Killed a water moccasin
 13518 | D:4      | Reached skill level 6 in Dodging
 13755 | D:4      | XOM: noise
 13770 | D:4      | Found a shimmering altar of Xom.
 14068 | D:4      | XOM is BORED!
 14068 | D:4      | XOM: give mutations
 14068 | D:4      | Gained mutation: You occasionally shout uncontrollably at
                  | your foes. [Xom's mischief]
 14068 | D:4      | Gained mutation: Your body often deteriorates upon taking
                  | damage. [Xom's mischief]
 14068 | D:4      | Lost mutation: You are agile. (Dex +4, Str/Int -1) [Xom's
                  | mischief]
 14114 | D:4      | Reached XP level 7. HP: 44/44 MP: 7/7
 14186 | D:4      | Killed Crazy Yiuf
 14250 | D:5      | Entered Level 5 of the Dungeon
 14523 | D:5      | XOM: cleaving
 14528 | D:5      | Reached skill level 7 in Dodging
 14635 | D:5      | Reached skill level 5 in Fighting
 14636 | D:5      | Reached skill level 8 in Dodging
 14636 | D:5      | Reached XP level 8. HP: 17/49 MP: 8/8
 14716 | D:5      | XOM: summons 5 hostile demons
 15388 | D:5      | XOM: silly message
 15436 | D:5      | Reached skill level 9 in Dodging
 15778 | D:4      | XOM: give mutations
 15778 | D:4      | Lost mutation: Your body often deteriorates upon taking
                  | damage. [Xom's mischief]
 15778 | D:4      | Gained mutation: You occasionally lose the ability to read
                  | scrolls when taking damage. [Xom's mischief]
 15778 | D:4      | Gained mutation: You are very frail. (-20% HP) [Xom's
                  | mischief]
 15778 | D:4      | Gained mutation: You are extremely frail. (-30% HP) [Xom's
                  | mischief]
 15843 | D:4      | XOM: give mutations
 15843 | D:4      | Gained mutation: You occasionally lose the ability to drink
                  | potions when taking damage. [Xom's mischief]
 15843 | D:4      | Gained mutation: You are dopey. (Int -2) [Xom's mischief]
 15843 | D:4      | Lost mutation: You are dopey. (Int -2) [Xom's mischief]
 15843 | D:4      | Lost mutation: You have a pair of small antennae on your
                  | head. [Xom's mischief]
 16850 | D:4      | XOM: give mutations
 16850 | D:4      | Gained mutation: You are covered in thick fur. (AC +2)
                  | [Xom's grace]
 16850 | D:4      | Gained mutation: You have a pair of small antennae on your
                  | head. [Xom's grace]
 16850 | D:4      | Gained mutation: Your mind is acute. (Int +4, Str/Dex -1)
                  | [Xom's grace]
 16850 | D:4      | Gained mutation: Your flesh is cold resistant. (rC+) [Xom's
                  | grace]
 17317 | D:4      | XOM is BORED!
 18277 | D:4      | XOM: scenery: 2 doors close
 18439 | D:4      | XOM: draining
 18939 | D:4      | XOM: noise
 18997 | D:4      | XOM: 3-stop teleportation journey
 19116 | D:4      | XOM: god gift: potion of curing
 19119 | Temple   | Entered the Ecumenical Temple
 19160 | Temple   | XOM: scenery: summon butterflies
 19421 | D:4      | XOM is BORED!
 19538 | D:4      | XOM: give mutations
 19538 | D:4      | Lost mutation: You are extremely frail. (-30% HP) [Xom's
                  | mischief]
 19538 | D:4      | Lost mutation: You are covered in thick fur. (AC +2) [Xom's
                  | mischief]
 19538 | D:4      | Lost mutation: You are very frail. (-20% HP) [Xom's
                  | mischief]
 19538 | D:4      | Lost mutation: You occasionally lose the ability to drink
                  | potions when taking damage. [Xom's mischief]
 20083 | D:4      | XOM: give mutation
 20083 | D:4      | Gained mutation: Your spells are a little harder to cast,
                  | but a little more powerful. [Xom's grace]
 20827 | D:4      | XOM: god gift: 31 gold pieces
 21262 | D:4      | XOM is BORED!
 21262 | D:4      | XOM: give mutation
 21262 | D:4      | Gained mutation: You are partially covered in large bone
                  | plates. (SH +4) [Xom's mischief]
 21280 | D:4      | XOM: god gift: eveningstar {god gift}
 21933 | D:4      | XOM: give mutations
 21933 | D:4      | Lost mutation: You have a pair of small antennae on your
                  | head. [Xom's mischief]
 21933 | D:4      | Lost mutation: You are partially covered in large bone
                  | plates. (SH +4) [Xom's mischief]
 21933 | D:4      | Lost mutation: You are frail. (-10% HP) [Xom's mischief]
 21933 | D:4      | Gained mutation: You occasionally lose the ability to drink
                  | potions when taking damage. [Xom's mischief]
 21953 | D:4      | XOM: scenery: 2 fountains blood, 2 doors open, 2 doors
                  | close
 22667 | D:4      | XOM: scenery: 2 fountains blood, 2 doors open, 2 doors
                  | close
 23590 | D:4      | XOM: cloud trail
 23880 | D:4      | XOM is BORED!
 24332 | D:4      | XOM: noise
 24365 | D:4      | XOM: noise
 25304 | D:4      | XOM: torment (26/50 hp)
 25438 | D:4      | XOM: give mutations
 25438 | D:4      | Gained mutation: Your body often deteriorates upon taking
                  | damage. [Xom's mischief]
 25438 | D:4      | Lost mutation: You occasionally lose the ability to drink
                  | potions when taking damage. [Xom's mischief]
 25438 | D:4      | Lost mutation: Your mind is acute. (Int +4, Str/Dex -1)
                  | [Xom's mischief]
 25438 | D:4      | Lost mutation: Your flesh is cold resistant. (rC+) [Xom's
                  | mischief]
 25721 | D:4      | XOM: god gift: sling {god gift}
 25928 | D:4      | XOM: scenery: 2 doors open, 2 doors close
 26012 | D:4      | XOM: summons 2 hostile demons
 26100 | D:4      | XOM: cloud trail
 26713 | D:4      | XOM: draining
 27001 | D:4      | XOM: god gift: Everburning Encyclopedia
 27145 | D:4      | XOM: scenery: 2 doors open, 2 doors close
 27190 | D:4      | XOM: scenery: 2 doors open, 2 doors close
 27985 | D:4      | XOM: noise
 28202 | D:4      | XOM: 4-stop teleportation journey
 28382 | D:4      | XOM is BORED!
 28382 | D:4      | XOM: give mutations
 28382 | D:4      | Lost mutation: Your spells are a little harder to cast, but
                  | a little more powerful. [Xom's mischief]
 28382 | D:4      | Gained mutation: You are frail. (-10% HP) [Xom's mischief]
 28506 | D:4      | XOM: scenery: create altars
 28524 | D:4      | XOM: god gift: 526 gold pieces
 28710 | D:4      | XOM: cloud trail
 28749 | D:4      | XOM: god gift: falchion {god gift}
 28972 | D:4      | XOM: scenery: summon butterflies
 29218 | D:4      | Glimpsed the power of Zot.
 29620 | D:6      | Reached skill level 10 in Dodging
 29838 | D:6      | XOM: 8-stop teleportation journey
 29921 | D:6      | Reached XP level 9. HP: 26/55 MP: 9/9
 30205 | D:6      | Found a shimmering blue altar of Sif Muna.
 30368 | D:6      | XOM: stat loss: -1 Dex (15/16)
 30369 | D:6      | Reached skill level 11 in Dodging
 30860 | D:7      | XOM: polymorph scorpion -> wyvern
 30873 | D:7      | XOM: 2-stop teleportation journey
 31240 | D:7      | XOM: confusion (+ monsters)
 31354 | D:7      | XOM: divination: detect items
 31358 | D:7      | Reached skill level 12 in Dodging
 31528 | D:7      | XOM: confuse monster(s)
 31539 | D:7      | XOM: divination: detect items
 31721 | D:7      | XOM: 1-stop teleportation journey
 31920 | D:7      | XOM: scenery: 1 doors open, 1 doors close
 32069 | D:7      | Identified the +7 dagger of Accord {spect, *Rage rPois rC+
                  | Str+4}
 32081 | D:7      | Found a broken altar of Ashenzari.
 32581 | D:6      | XOM is BORED!
 32581 | D:6      | XOM: give mutations
 32581 | D:6      | Lost mutation: You occasionally lose the ability to read
                  | scrolls when taking damage. [Xom's mischief]
 32581 | D:6      | Lost mutation: You passively dampen the noise of your
                  | surroundings. [Xom's mischief]
 32728 | D:6      | XOM: god gift: club {god gift}
 32924 | D:6      | XOM: divination: detect items
 33143 | D:6      | XOM: god gift: 49 gold pieces
 33651 | D:6      | XOM: give mutations
 33651 | D:6      | Lost mutation: You are frail. (-10% HP) [Xom's grace]
 33651 | D:6      | Gained mutation: You are partially covered in iridescent
                  | scales. (AC +2) [Xom's grace]
 34073 | D:6      | XOM: silly message
 34201 | D:8      | Reached skill level 13 in Dodging
 34201 | D:8      | Reached XP level 10. HP: 28/71 MP: 3/10
 34222 | D:8      | XOM: chaos upgrade
 34223 | D:8      | XOM: confusion
 34226 | D:8      | XOM: smoke on damage
 34483 | D:8      | XOM: potion effect (invisibility)
 34771 | D:8      | XOM: 4-stop teleportation journey
 34823 | D:8      | XOM: smoke on damage
 35059 | D:8      | XOM: cleaving
 35064 | D:8      | Reached skill level 14 in Dodging
 35073 | D:8      | XOM: divination: detect creatures
 35104 | D:8      | XOM: god gift: scroll labelled ZAGERY KILUU {god gift}
 35133 | D:8      | Noticed a two-headed ogre
 35154 | D:8      | XOM: scenery: create altars
 35155 | D:8      | Noticed a glowing shapeshifter
 35155 | D:8      | a two-headed ogre changed into a glowing shapeshifter
 35155 | D:8      | XOM: polymorph two-headed ogre -> glowing shapeshifter
 35155 | D:8      | a glowing shapeshifter changed into a merfolk
 35156 | D:8      | Noticed a manticore
 35156 | D:8      | a merfolk changed into a manticore
 35157 | D:8      | Noticed a two-headed ogre
 35157 | D:8      | a manticore changed into a two-headed ogre
 35291 | D:8      | XOM: summons 3 friendly demons
 35439 | D:8      | XOM: god gift: great sword {god gift}
 35503 | D:8      | XOM: give mutations
 35503 | D:8      | Gained mutation: You are somewhat resistant to further
                  | mutation. [Xom's grace]
 35503 | D:8      | Gained mutation: One of your tentacles bears a spike.
                  | [Xom's grace]
 35503 | D:8      | Gained mutation: Your flesh is heat resistant. (rF+) [Xom's
                  | grace]
 35537 | D:8      | XOM: cloud trail
 35655 | D:8      | Found an ornate altar of the Wu Jian Council.
 35973 | D:9      | XOM: summons friendly crimson imp
 36311 | D:9      | Found a bloodstained altar of Trog.
 36350 | D:9      | Found a flagged portal.
 36369 | D:9      | XOM: 4-stop teleportation journey
 36388 | Bailey   | Entered a bailey
 36515 | Bailey   | Reached skill level 15 in Dodging
 36643 | Bailey   | Reached XP level 11. HP: 73/78 MP: 11/11
 36705 | Bailey   | XOM: fog
 36893 | Bailey   | XOM: enchant monster (good)
 36963 | Bailey   | Noticed an orc sorcerer
 36963 | Bailey   | XOM: fog
 36971 | Bailey   | Killed an orc sorcerer
 36971 | Bailey   | Noticed an orc high priest
 36980 | Bailey   | Identified the +8 shortbow "Hydraslayer" {venom, Fly rElec
                  | rPois}
 37315 | Bailey   | Noticed a soul eater
 37315 | Bailey   | Killed an orc high priest
 37316 | Bailey   | Reached skill level 10 in Long Blades
 37355 | Bailey   | XOM: cast spell 'Summon Horrible Things'
 37768 | Bailey   | Found an iron altar of Okawaru.
 37784 | Bailey   | XOM: polymorph orc warrior -> jelly
 37799 | Bailey   | Acquired a manual of Long Blades
 37879 | D:9      | Found a runed translucent gate.
 37879 | D:9      | Found a runed translucent gate.
 37879 | D:9      | Found a runed translucent gate.
 37879 | D:9      | Noticed laros's ghost (novice MiBe)
 37880 | D:9      | Noticed u553311's ghost (novice OgGl)
 37880 | D:9      | Noticed laros's ghost (novice MiBe)
 37880 | D:9      | Noticed Yordlord's ghost (journeyman DrCA)
 37919 | D:9      | XOM: noise
 37926 | D:9      | Found a staircase to the Lair.
 37970 | D:9      | XOM: silly message
 38007 | D:9      | XOM: silly message
 38294 | D:9      | XOM: god gift: 55 gold pieces
 38352 | D:10     | Entered Level 10 of the Dungeon
 38359 | D:10     | XOM: polymorph killer bee -> wolf
 38378 | D:10     | XOM: cloud trail
 38468 | D:10     | XOM: god gift: 55 gold pieces
 38569 | D:10     | XOM: summons friendly quasit
 38576 | D:10     | XOM: scenery: create altars
 38688 | D:10     | XOM: summons friendly white imp
 38693 | D:10     | Reached skill level 10 in Fighting
 38701 | D:10     | XOM: enchant monster (good)
 38789 | D:10     | XOM: polymorph white imp -> crimson imp
 38931 | D:10     | XOM: confuse monster(s)
 38934 | D:10     | XOM: scenery: summon butterflies
 39011 | D:10     | XOM: 3-stop teleportation journey
 39384 | D:11     | Identified the +5 ring mail of Grace {rElec rF- MP+9 Str+4}
 39417 | D:11     | Noticed a two-headed ogre
 39420 | D:11     | XOM: divination: magic mapping
 39423 | D:11     | XOM: swap monsters
 39425 | D:11     | Killed a two-headed ogre
 39566 | D:11     | XOM: give mutations
 39566 | D:11     | Gained mutation: You are frail. (-10% HP) [Xom's mischief]
 39566 | D:11     | Gained mutation: You are weak. (Str -2) [Xom's mischief]
 39566 | D:11     | Gained mutation: You occasionally lose the ability to read
                  | scrolls when taking damage. [Xom's mischief]
 39626 | D:11     | Found a staircase to the Orcish Mines.
 39701 | D:11     | XOM: cast spell 'Leda's Liquefaction'
 39713 | D:11     | XOM: noise
 40024 | D:11     | Noticed a cyclops
 40034 | D:11     | Killed a cyclops
 40104 | D:12     | Noticed a catoblepas
 40106 | D:12     | XOM: confusion (+ monsters)
 40111 | D:12     | XOM: enchant monster (bad)
 40117 | D:12     | Killed a catoblepas
 40118 | D:12     | Reached XP level 12. HP: 81/81 MP: 12/12
 40167 | D:12     | XOM: cloud trail
 40239 | D:12     | Reached skill level 5 in Stealth
 40340 | D:12     | XOM: noise
 40428 | D:12     | HP: 4/81 [skeletal warrior/+0 halberd (22)]
 40428 | D:12     | Annihilated by a skeletal warrior

Illustrated notes

Levels and vault maps discovered:
D:1:      nzn_arrival_depleted_hourglass, layout_basic,
          shapermc_ecumenical_altar_mp_highgroup
D:2:      minmay_wonky_spiral, layout_basic, serial_shops,
          nicolae_shop_advertising_works [nicolae_subvault_shop_adworks],
          basic_altar
D:3:      layout_basic
D:4:      layout_basic, old_standard_altar, nicolae_overflow_two_pavilions,
          kennysheep_mini_moat, mainiacjoe_overflow_boulevard,
          minmay_temple_entry_hall, chequers_mini_garden,
          minmay_misc_feat_diagonals, hangedman_minor_gate_pass,
          uniq_crazy_yiuf_cottage
D:5:      layout_gridville, serial_undead, serial_undead_e, serial_undead_d,
          serial_undead_c, serial_undead_e
D:6:      layout_basic, kennysheep_little_box
D:7:      layout_gridville, mainiacjoe_overflow_chevrons
D:8:      minmay_angry_zag, layout_cave_pools,
          nicolae_wu_jian_immortal_techniques, ebering_dispersal_statue_hall,
          grunt_ministairs_7, st_stairs_13
D:9:      layout_loops_ring, mainiacjoe_overflow_cross_hatched,
          lair_entry_dummy, gammafunk_ghost_cemetery, enter_bailey_2,
          dreamdust_princess_corridor
D:10:     layout_loops_ring
D:11:     layout_rooms, orc_0_dummy, hangedman_decor_push
D:12:     layout_long_grid
Temple:   nicolae_temple_bog_church

Skill      XL: |  1  2  3  4  5  6  7  8  9 10 11 12 |
---------------+-------------------------------------+-----
Dodging        | 3 4 5 6 8 10 13 15 | 15.1
Long Blades    | 4 5 6 7 8 9 12 | 12.9
Fighting       | 4 5 6 7 8 11 | 11.1
Stealth        | 3 5 |  5.4

Action                   |  1- 3 |  4- 6 |  7- 9 | 10-12 || total
-------------------------+-------+-------+-------+-------++-------
Melee: Falchion          |    51 |       |       |       ||    51
       Constrict         |    15 |    10 |    35 |    49 ||   109
       Tentacles         |    11 |     9 |    58 |    88 ||   166
       Great sword       |    14 |    55 |   197 |   322 ||   588
       Punch             |       |     1 |     1 |    11 ||    13
       Kick              |       |       |       |    98 ||    98
Evoke: Wand              |       |     3 |     5 |    12 ||    20
       Phial of floods   |       |     1 |     1 |       ||     2
       Piece from Xom's  |       |       |       |     3 ||     3
  Use: Scroll            |     4 |       |     9 |     7 ||    20
       Potion            |       |     2 |     4 |     9 ||    15
 Stab: Paralysed         |     1 |       |       |       ||     1
       Sleeping          |     8 |     6 |     4 |     3 ||    21
       Distracted        |       |     1 |       |     2 ||     3
       Invisible         |       |       |     1 |     4 ||     5
       Confused          |       |       |     1 |     2 ||     3
Armor: Skin              |     2 |     1 |    20 |    25 ||    48
Dodge: Dodged            |    52 |    51 |   343 |   435 ||   881
